 Dungeon Crawl Stone Soup version 0.17.0-28-g6e173f8 (webtiles) character file.

37 septik the Insei (level 3, -15/31 HPs)
             Began as a Naga Transmuter on Nov 24, 2015.
             Demolished by Uberwunderbarhen's ghost (17 damage)
             ... on level 3 of the Dungeon.
             The game lasted 00:07:40 (1857 turns).

septik the Insei (Naga Transmuter)                  Turns: 1857, Time: 00:07:40

Health: -15/31     AC:  2    Str: 12    XL:     3   Next: 41%
Magic:  6/6        EV: 10    Int: 13    God:
Gold:   104        SH:  0    Dex: 12    Spells: 1 memorised, 5 levels left

rFire  . . .     SeeInvis +       - Unarmed
rCold  . . .     Clarity  .     e - +0 robe (curse)
rNeg   . . .     SustAt   .     (no shield)
rPois  +         Gourm    .     (no helmet)
rElec  .         Spirit   .     (no cloak)
rCorr  .         Warding  .     (no gloves)
rMut   .         Stasis   .     (no barding)
MR     .....                    (no amulet)
Stlth  +.........               (no ring)
                                (no ring)

@: very slow, not resistant to hostile enchantments, very unstealthy
A: see invisible, deformed body, poison resistance, slowness 2, slow metabolism
1, spit poison 2, AC +1
a: Spit Poison


You were on level 3 of the Dungeon.
You were not hungry.

You visited 1 branch of the dungeon, and saw 3 of its levels.

You collected 104 gold pieces.

Inventory:

Missiles
 a - 28 arrows
 i - 98 stones (quivered)
 j - 12 steel sling bullets
 o - 16 poisoned needles
Armour
 b - a +0 robe
 e - a cursed +0 robe (worn)
 r - a +0 chain mail
Jewellery
 w - an uncursed ring of see invisible {unknown}
Scrolls
 f - 2 scrolls of identify {unknown}
 p - a scroll of amnesia {unknown}
 u - a scroll of immolation {unknown}
 v - a scroll of enchant armour {unknown}
 x - a scroll of enchant weapon {unknown}
 y - a scroll of blinking {unknown}
Potions
 g - a potion of curing {unknown}
 k - a potion of degeneration {unknown}
 m - a potion of magic {unknown}
 n - a potion of beneficial mutation {unknown}
 s - a potion of brilliance {unknown}
 t - 2 potions of cancellation {unknown}
Books
 c - a book of Changes

   Spells                             Type                      Level
   a - Beastly Appendage              Transmutation                1
   b - Sticks to Snakes               Transmutation                2
   c - Spider Form                    Transmutation/Poison         3
   d - Ice Form                       Ice/Transmutation            4
   e - Blade Hands                    Transmutation                5
Comestibles
 d - a bread ration
 h - a slice of pizza
 l - 2 meat rations
 q - a chunk of flesh


   Skills:
 - Level 1.0 Fighting
 - Level 1.5 Dodging
 + Level 3.7 Unarmed Combat
 - Level 2.0 Spellcasting
 - Level 3.0 Transmutations


You had 5 spell levels left.
You knew the following spells:

 Your Spells              Type           Power        Failure   Level  Hunger
a - Beastly Appendage     Trmt           #.....       10%         1    ##.....


Dungeon Overview and Level Annotations

Branches:
Dungeon (3/15)

Altars:
Nemelex Xobeh

Annotations:
D:3 Jessica; Uberwunderbarhen's ghost, amateur OpFi


Innate Abilities, Weirdness & Mutations

You cannot wear boots.
Your serpentine skin is tough (AC +1).
You have supernaturally acute eyesight.
Armour fits poorly on your strangely shaped body.
Your system is resistant to poisons.
You cover ground very slowly.
You have a slow metabolism.
You can spit poison.


Message History

Aim: Uberwunderbarhen's ghost The splash of poison hits Uberwunderbarhen's ghost.
Uberwunderbarhen's ghost completely resists.
You feel slightly more hungry. Uberwunderbarhen's ghost hits you.
A bat comes into view.
You now have 104 gold pieces (gained 15).
The bat moves out of view.
Uberwunderbarhen's ghost hits you!
Uberwunderbarhen's ghost closely misses you.
You have got your breath back.
The bat barely misses you. Uberwunderbarhen's ghost hits you!
Ouch! That really hurt!
* * * LOW HITPOINT WARNING * * *
The bat hits you but does no damage. The bat hits you but does no damage.
The bat hits you.
* * * LOW HITPOINT WARNING * * *
The bat barely misses you. The bat hits you but does no damage.
Uberwunderbarhen's ghost hits you!
Ouch! That really hurt!
You die...

..................[....
#.................##.
#..............<.....
#....................
#..............######
.................#
............###..#
....####....# #..# ....
.......##.@# ###
........##bW#+###
........##......# ..
#......##...
###......... ##...##...
#.### . #.# #.#


You could see Uberwunderbarhen's ghost and a bat.

Vanquished Creatures
  A worm (D:2)
  2 giant geckos (D:1)
  4 bats
  A giant cockroach (D:1)
  6 goblins
  3 hobgoblins
  5 kobolds
  A ball python (D:1)
  3 giant newts
  6 rats
32 creatures vanquished.

Notes
Turn   | Place    | Note
--------------------------------------------------------------
     0 | D:1      | septik the Naga Transmuter began the quest for the Orb.
     0 | D:1      | Reached XP level 1. HP: 18/18 MP: 3/3
   225 | D:1      | Reached XP level 2. HP: 25/25 MP: 5/5
  1372 | D:2      | Reached XP level 3. HP: 28/31 MP: 6/6
  1559 | D:2      | Found a sparkling altar of Nemelex Xobeh.
  1771 | D:3      | Noticed Jessica
  1775 | D:3      | Noticed Uberwunderbarhen's ghost (amateur OpFi)
  1857 | D:3      | Demolished by Uberwunderbarhen's ghost

Action                   || total
-------------------------++-------
Melee: Unarmed           ||    62
Throw: Stone             ||    13
 Cast: Beastly Appendage ||     1
 Abil: Spit Poison       ||    28
  Eat: Chunk             ||     4
